Map: [ESL] Waterfall

Players

ByuN - Winner!

  • Race: Terran Terran
  • Spawn Location: 1:00

Creator

  • Race: Protoss Protoss
  • Spawn Location: 7:00

Event: TSL 9

VOD

Have the link to the VOD?

Description

Time

  • Played on: Aug. 6, 2022, 8:48 a.m.
  • Length: 10:49

All games in this series

Show
View Real Time Build Order
Export as new Build Order

ByuN Terran - Winner!

Build Orders:  

Get SALT Encoding   

  12  0:00  SCV  
  13  0:12  SCV  
  14  0:17  Supply Depot  
  14  0:24  SCV  
  15  0:38  SCV  
  15  0:39  Barracks  
  15  0:42  Refinery  
  16  0:50  SCV  
  16  0:52  Refinery  
  17  1:03  SCV  
  18  1:15  SCV  
  19  1:26  Reaper  
  19  1:27  Supply Depot, Orbital Command  
  20  1:41  Factory  
  20  1:53  SCV  
  21  1:58  Reaper  
  22  2:05  SCV  
  23  2:17  SCV  
  23  2:22  Command Center  
  24  2:28  Hellion  
  26  2:30  SCV  
  26  2:34  Barracks Reactor  
  27  2:42  Starport  
  27  2:45  SCV  
  27  2:50  Widow Mine  
  30  2:54  Supply Depot  
  30  2:57  SCV  
  31  3:16  SCV, Marine x2  
  36  3:20  Medivac  
  36  3:21  Factory Tech Lab  
  36  3:28  SCV  
  36  3:34  Orbital Command, Marine x2  
  37  3:35  Bunker  
  40  3:42  Siege Tank  
  43  3:48  SCV  
  43  3:51  Marine x2  
  43  3:55  Viking  
  47  4:00  SCV x2  
  49  4:05  Supply Depot  
  49  4:09  Marine x2  
  51  4:12  SCV x2  
  53  4:18  Supply Depot  
  53  4:24  SCV  
  53  4:26  Factory Tech Lab  
  53  4:28  Factory Tech Lab  
  53  4:29  Marine  
  53  4:30  Marine  
  56  4:32  SCV  
  56  4:35  Refinery  
  56  4:36  SCV, Factory Tech Lab, Raven  
  60  4:43  Barracks  
  60  4:44  SCV  
  61  4:46  Engineering Bay  
  61  4:48  Supply Depot, SCV  
  61  4:52  Marine x2  
  64  4:56  SCV  
  65  5:00  Siege Tank  
  65  5:01  SCV  
  69  5:08  SCV  
  69  5:13  SCV  
  71  5:15  Marine x2  
  71  5:17  Terran Infantry Weapons Level 1  
  71  5:20  SCV  
  74  5:23  Barracks  
  74  5:25  SCV  
  74  5:28  Starport Reactor  
  75  5:32  SCV  
  75  5:33  Marine x2  
  78  5:43  Refinery  
  78  5:44  Supply Depot  
  78  5:50  Stimpack  
  78  5:56  Supply Depot  
  78  6:01  SCV, Marine  
  78  6:06  SCV, Siege Tank, Marine  
  78  6:10  Barracks Tech Lab, Marauder  
  85  6:13  SCV  
  85  6:17  Command Center  
  85  6:18  SCV  
  87  6:19  Barracks  
  87  6:20  Barracks  
  85  6:25  SCV  
  86  6:35  Marauder x2  
  88  6:40  Marine  
  77  6:49  Combat Shield, Siege Tank  
  77  6:58  Marauder x2  
  77  6:59  Marine x2  
  80  7:02  SCV x2  
  80  7:04  Viking x2  
  86  7:09  Supply Depot  
  86  7:11  Supply Depot  
  86  7:12  Terran Infantry Armor Level 1  
  86  7:13  Missile Turret  
  86  7:14  Barracks Reactor, Barracks Tech Lab  
  86  7:20  Marauder x2  
  86  7:22  Marine x2  
  92  7:24  Missile Turret  
  92  7:28  Siege Tank  
  94  7:34  SCV x2, Orbital Command  
  95  7:41  Marauder x2  
  99  7:46  Concussive Shells  
  99  7:49  SCV x2  
  103  7:55  Medivac x2, Marine  
  103  7:56  Marine x3  
  103  7:58  Orbital Command  
  109  8:03  Supply Depot, SCV x2  
  117  8:05  Marauder x2  
  117  8:06  Marauder  
  117  8:15  SCV x2  
  117  8:19  Marine x3  
  128  8:27  SCV, Marauder x3  
  128  8:28  SCV  
  128  8:30  Siege Tank  
  133  8:35  SCV  
  133  8:40  SCV x2  
  136  8:43  Supply Depot  
  136  8:44  Ghost Academy  
  136  8:46  Marine x3  
  136  8:47  Marine  
  140  8:52  SCV x2  
  140  8:54  SCV  
  143  9:00  Marauder x3  
  143  9:04  SCV x2  
  143  9:06  Marine x2  
  104  9:18  Marine x2  
  104  9:21  Marauder x2  
  104  9:22  Marauder, Siege Tank  
  104  9:23  Enhanced Shockwaves, Marine  
  114  9:26  Refinery x2  
  114  9:35  Missile Turret  
  114  9:39  Marine x2  
  114  9:40  Missile Turret  
  114  9:41  Marine  
  114  9:42  Ghost x3  
  123  9:46  Supply Depot  
  123  9:50  Medivac  
  125  9:54  Medivac  
  125  9:55  Marine  
  125  9:59  Command Center  
  128  10:05  Marine  
  128  10:06  Marine x2  
  131  10:11  Marauder x3  
  131  10:13  Marine  
  126  10:22  SCV x2  
  126  10:24  SCV  
  126  10:28  Marine x2  
  113  10:34  SCV  
  113  10:35  SCV  
  106  10:36  SCV  
Show
View Real Time Build Order
Export as new Build Order

Creator Protoss 

Build Orders: 1 Gate Expand, Colossus Rush 

Get SALT Encoding   

  12  0:00  Probe  
  13  0:12  Probe  
  14  0:18  Pylon  
  14  0:24  Probe (Chrono Boost)  
  15  0:36  Gateway, Probe (Chrono Boost)  
  16  0:44  Probe (Chrono Boost)  
  16  0:46  Assimilator  
  17  0:51  Probe  
  18  1:03  Probe  
  19  1:15  Probe  
  20  1:25  Cybernetics Core  
  20  1:32  Nexus  
  20  1:39  Pylon  
  20  1:42  Probe  
  21  1:49  Assimilator  
  21  1:55  Probe  
  21  1:59  Adept (Chrono Boost)  
  22  2:02  Warp Gate  
  22  2:07  Probe  
  24  2:19  Probe  
  24  2:21  Adept (Chrono Boost)  
  27  2:30  Robotics Facility  
  27  2:31  Probe  
  27  2:34  Shield Battery  
  28  2:43  Probe  
  28  2:44  Probe  
  30  2:46  Stalker  
  32  2:55  Probe  
  32  2:56  Probe  
  34  3:05  Gateway  
  34  3:08  Probe x2  
  36  3:18  Observer (Chrono Boost)  
  37  3:20  Probe  
  37  3:21  Probe  
  37  3:26  Gateway  
  39  3:32  Probe  
  39  3:33  Probe  
  41  3:35  Robotics Bay  
  41  3:40  Warp Prism (Chrono Boost)  
  41  3:48  Pylon  
  43  3:51  Observer, Probe  
  43  3:54  Stalker  
  46  3:56  Observer  
  46  4:04  Pylon  
  46  4:06  Probe x2  
  48  4:12  Observer  
  48  4:18  Observer, Probe x2  
  48  4:20  Colossus (Chrono Boost)  
  56  4:26  Gravitic Drive (Chrono Boost)  
  56  4:32  Assimilator  
  56  4:33  Probe x2  
  56  4:34  Assimilator  
  58  4:43  Pylon  
  58  4:45  Probe x2  
  60  4:51  Pylon  
  60  4:57  Probe  
  60  4:58  Probe  
  62  5:03  Nexus  
  62  5:04  Sentry, Pylon  
  64  5:13  Probe  
  64  5:14  Probe  
  65  5:17  Twilight Council  
  65  5:19  Forge  
  65  5:21  Observer  
  65  5:27  Probe x2  
  65  5:28  Colossus (Chrono Boost)  
  67  5:33  Sentry  
  75  5:39  Probe x2  
  77  5:46  Pylon  
  76  5:50  Shield Battery  
  76  5:51  Probe  
  76  5:52  Probe  
  76  5:54  Charge  
  76  5:59  Stalker  
  78  6:05  Stalker x2  
  78  6:11  Protoss Ground Weapons Level 1 (Chrono Boost)  
  82  6:12  Immortal (Chrono Boost)  
  86  6:25  Zealot  
  88  6:28  Zealot x2  
  87  6:45  Probe  
  87  6:46  Probe x2  
  82  6:48  Colossus (Chrono Boost)  
  82  6:50  Extended Thermal Lance  
  86  6:56  Pylon  
  86  6:58  Probe x3  
  86  7:00  Pylon  
  89  7:02  Stalker  
  89  7:08  Photon Cannon  
  91  7:10  Zealot  
  91  7:13  Stalker  
  91  7:14  Probe  
  91  7:15  Probe  
  97  7:16  Probe  
  98  7:23  Gateway  
  98  7:24  Gateway  
  98  7:37  Warp Prism (Chrono Boost)  
  93  7:47  Templar Archives  
  93  7:51  Gateway  
  92  7:52  Zealot x3, Gateway  
  92  7:53  Gateway  
  98  7:59  Pylon  
  98  8:04  Pylon  
  98  8:09  Pylon  
  98  8:11  Observer  
  98  8:12  Sentry x2  
  101  8:13  Zealot  
  103  8:21  Stalker x2  
  103  8:34  Gateway  
  103  8:36  Zealot x3  
  109  8:44  High Templar x2  
  109  8:45  Zealot  
  115  8:48  Archon, Pylon  
  115  8:49  Zealot x2  
  108  9:03  Zealot  
  108  9:04  Zealot x2  
  108  9:08  Zealot  
  86  9:19  Zealot x2, Colossus (Chrono Boost)  
  86  9:20  Zealot x3  
  86  9:22  Nexus  
  98  9:25  Zealot x2  
  98  9:29  Zealot x2  
  106  9:42  High Templar x2  
  106  9:43  Zealot x3  
  116  9:46  Zealot x2  
  116  9:47  Archon  
  116  9:50  Zealot x2  
  116  9:51  Zealot  
  122  9:53  Zealot  
  122  9:59  Pylon  
  124  10:04  Stalker x3  
  109  10:23  Zealot x6  
Tags
 
Add a new tag
Caveats
  • Supply blocks, unpowered buildings, or Contaminate may cause inaccurate times.
  • Supply counts are checked every 10 seconds.